 Dungeon Crawl Stone Soup version 0.19-a0-700-gd2fa977 (webtiles) character file.

107 Ordine the Changer (level 4, 0/28 HPs)
             Began as an Octopode Transmuter on June 19, 2016.
             Slain by Sigmund
             ... wielding a +0 scythe
              (10 damage)
             ... on level 2 of the Dungeon.
             The game lasted 00:04:27 (1497 turns).

Ordine the Changer (Octopode Transmuter)            Turns: 1497, Time: 00:04:28

Health: 0/28       AC:  1    Str:  9    XL:     4   Next: 86%
Magic:  7/7        EV: 12    Int: 21    God:
Gold:   104        SH:  0    Dex: 12    Spells: 2 memorised, 3 levels left

rFire  . . .     SeeInvis .       - Unarmed
rCold  . . .     Gourm    .     (no shield)
rNeg   . . .     Faith    .     (helmet restricted)
rPois  .         Spirit   .     (no amulet)
rElec  .         Dismiss  .     a - +5 ring of intelligence
rCorr  .         Reflect  .     (no ring)
SustAt .         Harm     .     (no ring)
MR     .....                    (no ring)
Stlth  +++.......               (no ring)
                                (no ring)
                                (no ring)
                                (no ring)

@: not resistant to hostile enchantments, fairly stealthy
A: almost no armour, amphibious, 8 rings, constrict 8, camouflage 1, gelatinous
body 1
a: no special abilities


You were on level 2 of the Dungeon.
You were hungry.

You visited 1 branch of the dungeon, and saw 2 of its levels.

You collected 104 gold pieces.

Inventory:

Jewellery
 a - a +5 ring of intelligence (left tentacle)
 g - a cursed -4 ring of intelligence
Books
 b - a book of Changes

   Spells                             Type                      Level
   a - Beastly Appendage              Transmutation                1
   b - Sticks to Snakes               Transmutation                2
   c - Spider Form                    Transmutation/Poison         3
   d - Ice Form                       Ice/Transmutation            4
   e - Blade Hands                    Transmutation                5
Comestibles
 c - 3 bread rations
 f - a chunk of flesh


   Skills:
 - Level 1.0 Fighting
 - Level 2.0 Dodging
 + Level 3.5 Stealth
 - Level 3.0 Unarmed Combat
 - Level 2.0 Spellcasting
 * Level 4.0 Transmutations


You had 3 spell levels left.
You knew the following spells:

 Your Spells              Type           Power        Failure   Level  Hunger
a - Spider Form           Tmut/Pois      ##........   21%         3    ###....
i - Beastly Appendage     Tmut           ###...       2%          1    #......


Dungeon Overview and Level Annotations

Branches:
Dungeon (2/15)

Altars:

Annotations:
D:2 Sigmund


Innate Abilities, Weirdness & Mutations

You cannot wear most types of armour.
You are amphibious.
You can wear up to eight rings at the same time.
You can use your tentacles to constrict eight enemies at once.
Your skin changes colour to match your surroundings (Stealth+).
Your rubbery body absorbs attacks. (AC +1)


Message History

Sigmund points at you and mumbles some strange words.
The puff of flame hits you! Sigmund barely misses you.
You see here a jackal corpse.
You closely miss Sigmund. You squeeze Sigmund.
Sigmund is lightly wounded.
Sigmund misses you.
You barely miss Sigmund. You squeeze Sigmund.
Sigmund is lightly wounded.
You're too confused to cast spells.
You barely miss Sigmund. Your squeeze misses Sigmund.
Sigmund is lightly wounded.
Sigmund closely misses you.
You feel less confused.
Sigmund points at you and mumbles some strange words.
The puff of flame hits you!
You tentacle-slap Sigmund. You grab Sigmund.
Sigmund is moderately wounded.
You constrict Sigmund. Sigmund hits you with a scythe!
You die...

#..............
#######..............
#....................
#.............[..(...
#.................#..
#..........#.##.#..#.
#...)........# .##.
###....†......## .
#.....@†.....## #
#.....@#######
#......# #$.....#
#....... #......#
#......# #......#
#......#


You could see Sigmund.

Vanquished Creatures
  Ijyb (D:2)
  2 adders (D:2)
  An ooze (D:1)
  2 worms (D:2)
  3 giant geckos
  3 giant cockroaches
  6 goblins (D:1)
  3 hobgoblins
  12 jackals
  2 quokkas (D:2)
  2 bats
  2 giant newts
  6 kobolds
  5 rats
50 creatures vanquished.

Notes
Turn   | Place    | Note
--------------------------------------------------------------
     0 | D:1      | Ordine the Octopode Transmuter began the quest for the Orb.
     0 | D:1      | Reached XP level 1. HP: 13/13 MP: 3/3
   108 | D:1      | Reached skill level 1 in Stealth
   108 | D:1      | Reached XP level 2. HP: 17/18 MP: 3/5
   494 | D:1      | Reached XP level 3. HP: 23/23 MP: 6/6
   499 | D:1      | Learned a level 3 spell: Spider Form
   703 | D:1      | Reached skill level 3 in Transmutations
  1134 | D:2      | Reached XP level 4. HP: 27/28 MP: 1/7
  1329 | D:2      | Noticed Ijyb
  1349 | D:2      | Killed Ijyb
  1349 | D:2      | Reached skill level 4 in Transmutations
  1446 | D:2      | Noticed Sigmund
  1497 | D:2      | Slain by Sigmund

Vault maps used:
D:1:      dpeg_arrival_short_road
D:2:      first_bread, uniq_iyjb, uniq_sigmund

Skill      XL: |  1  2  3  4 |
---------------+-------------+-----
Stealth        | 1 2 3 |  3.5
Transmutations | 3 4 |  4.0
Fighting       | |  1.0
Dodging        | |  2.0
Unarmed Combat | |  3.0
Spellcasting   | |  2.0

Action                   |  1- 3 |  4- 6 || total
-------------------------+-------+-------++-------
Melee: Unarmed           |    78 |    55 ||   133
       Constrict         |    11 |     5 ||    16
       Tentacles         |     7 |     5 ||    12
       Punch             |     1 |     1 ||     2
       Kick              |     5 |       ||     5
 Cast: Beastly Appendage |     1 |       ||     1
       Spider Form       |     4 |     1 ||     5
  Use: Scroll            |     2 |     1 ||     3
       Potion            |       |     4 ||     4
 Stab: Sleeping          |     6 |       ||     6
  Eat: Chunk             |     1 |     1 ||     2
Armor: Skin              |     5 |    26 ||    31
Dodge: Dodged            |    57 |    32 ||    89
